ORI
FLORIDA STATE UNIVERSITY SEMINOLES @ UNIVERSITY OF MINNESOTA GOLDEN GOPHERS
07/21/2046
 
TOP OF THE 1ST
Oregon State University Beavers batting - Pitching for Arizona State University Sun Devils : LHP Jim Unknown
Pitching: LHP Jim Unknown
Batting: RHB Jim Unknown 0-0: Called Strike
0-1: Ball
1-1: Ball
2-1: Ball
3-1: Fly out, F6 (Flyball, 56D, EV 90.0 MPH)
Batting: RHB Jim Unknown 0-0: Foul Ball, location: 2F
0-1: Ball
1-1: Called Strike
1-2: Ball
2-2: Fly out, F8 (Line Drive, 8RD, EV 84.4 MPH)
Batting: RHB Jim Unknown 0-0: Ball
1-0: Foul Ball, location: 2F
1-1: Foul Ball, location: 2F
1-2: Fly out, F9 (Flyball, 9LS, EV 72.5 MPH)
Top of the 1st over - 0 runs, 0 hits, 0 errors, 0 left on base; Oregon State University 0 - Arizona State University 0
BOTTOM OF THE 1ST
Arizona State University Sun Devils batting - Pitching for Oregon State University Beavers : RHP Jim Unknown
Pitching: RHP Jim Unknown
Batting: RHB Jim Unknown 0-0: Foul Ball, location: 2F
0-1: Called Strike
0-2: Ball
1-2: Ball
2-2: Foul Ball, location: 2F
2-2: Ball
3-2: Base on Balls
Batting: RHB Jim Unknown 0-0: Ball
1-0: Called Strike
1-1: Ball
2-1: Foul Ball, location: 2F
2-2: Fly out, F8 (Flyball, 8LS, EV 90.0 MPH)
Batting: SHB Jim Unknown 0-0: Called Strike
0-1: Swinging Strike
0-2: Ball
1-2: Foul Ball, location: 2F
1-2: Fielders Choice at 2nd, 1-6 (Groundball, 13S, EV 73.8 MPH)
Batting: RHB Jim Unknown 0-0: Called Strike
0-1: Swinging Strike
0-2: Ball
1-2: SINGLE (Groundball, 4MD, EV 105.0 MPH)
Jim Unknown to second
Runner from 2nd tries for 3rd, SAFE, throw by CF made to third
Batting: RHB Jim Unknown 0-0: Foul Ball, location: 2F
0-1: Fly out, F7 (Flyball, 7S, EV 71.9 MPH)
Bottom of the 1st over - 0 runs, 1 hit, 0 errors, 2 left on base; Oregon State University 0 - Arizona State University 0
TOP OF THE 2ND
Oregon State University Beavers batting - Pitching for Arizona State University Sun Devils : LHP Jim Unknown
Batting: RHB Jim Unknown 0-0: Ball
1-0: Foul Ball, location: 2F
1-1: Ball
2-1: Called Strike
2-2: Strikes out looking
Batting: RHB Jim Unknown 0-0: Foul Ball, location: 2F
0-1: Ground out 4-3 (Groundball, 4, EV 80.0 MPH)
Batting: RHB Jim Unknown 0-0: Foul Ball, location: 2F
0-1: Swinging Strike
0-2: Ball
1-2: Ball
2-2: Ball
3-2: Ground out 6-3 (Groundball, 6M, EV 91.9 MPH)
Top of the 2nd over - 0 runs, 0 hits, 0 errors, 0 left on base; Oregon State University 0 - Arizona State University 0
BOTTOM OF THE 2ND
Arizona State University Sun Devils batting - Pitching for Oregon State University Beavers : RHP Jim Unknown
Batting: RHB Jim Unknown 0-0: Foul Ball, location: 2F
0-1: Ball
1-1: Ball
2-1: Ball
3-1: Foul Ball, location: 2F
3-2: Ground out 5-3 (Groundball, 5, EV 81.9 MPH)
Batting: RHB Jim Unknown 0-0: Fly out, F7 (Flyball, 7D, EV 105.6 MPH)
Batting: RHB Jim Unknown 0-0: Called Strike
0-1: Ball
1-1: Ball
2-1: Fly out, F8 (Flyball, 8RM, EV 88.8 MPH)
Bottom of the 2nd over - 0 runs, 0 hits, 0 errors, 0 left on base; Oregon State University 0 - Arizona State University 0
TOP OF THE 3RD
Oregon State University Beavers batting - Pitching for Arizona State University Sun Devils : LHP Jim Unknown
Batting: RHB Jim Unknown 0-0: Ball
1-0: Ball
2-0: Foul Ball, location: 2F
2-1: Foul Ball, location: 2F
2-2: Strikes out looking
Batting: RHB Jim Unknown 0-0: Called Strike
0-1: Ball
1-1: Ball
2-1: Foul Ball, location: 2F
2-2: Ground out 5-3 (Groundball, 56S, EV 64.4 MPH)
Batting: RHB Jim Unknown 0-0: Reached on error, E6 (Groundball, 6, EV 106.2 MPH)
Batting: RHB Jim Unknown 0-0: Ground out 4-3 (Groundball, 4, EV 98.1 MPH)
Top of the 3rd over - 0 runs, 0 hits, 1 error, 1 left on base; Oregon State University 0 - Arizona State University 0
BOTTOM OF THE 3RD
Arizona State University Sun Devils batting - Pitching for Oregon State University Beavers : RHP Jim Unknown
Batting: SHB Jim Unknown 0-0: Ball
1-0: Swinging Strike
1-1: Foul Ball, location: 2F
1-2: Ball
2-2: Strikes out swinging
Batting: RHB Jim Unknown 0-0: Ball
1-0: Fly out, F7 (Flyball, 7LM, EV 88.1 MPH)
Batting: RHB Jim Unknown 0-0: Ball
1-0: Called Strike
1-1: Ball
2-1: Ball
3-1: Base on Balls
Batting: SHB Jim Unknown 0-0: Ball
Jim Unknown is caught stealing 2nd base 2-6
Bottom of the 3rd over - 0 runs, 0 hits, 0 errors, 0 left on base; Oregon State University 0 - Arizona State University 0
TOP OF THE 4TH
Oregon State University Beavers batting - Pitching for Arizona State University Sun Devils : LHP Jim Unknown
Batting: RHB Jim Unknown 0-0: Ball
1-0: Ball
2-0: Foul Ball, location: 2F
2-1: Ball
3-1: Called Strike
3-2: SINGLE (Groundball, 56D, EV 98.1 MPH)
Batting: RHB Jim Unknown 0-0: Ball
1-0: Fly out, F7 (Flyball, 7, EV 91.9 MPH)
Batting: RHB Jim Unknown 0-0: Ball
1-0: Ball
2-0: Foul Ball, location: 2F
2-1: Called Strike
2-2: Foul Ball, location: 2F
2-2: Strikes out swinging
Batting: RHB Jim Unknown 0-0: Ball
1-0: Foul Ball, location: 2F
1-1: Foul Ball, location: 2F
1-2: Strikes out swinging
Top of the 4th over - 0 runs, 1 hit, 0 errors, 1 left on base; Oregon State University 0 - Arizona State University 0
BOTTOM OF THE 4TH
Arizona State University Sun Devils batting - Pitching for Oregon State University Beavers : RHP Jim Unknown
Batting: SHB Jim Unknown 0-0: Foul Ball, location: 2F
0-1: Swinging Strike
0-2: Foul Ball, location: 2F
0-2: Strikes out swinging
Batting: RHB Jim Unknown 0-0: Foul Ball, location: 2F
0-1: Ball
1-1: Ball
2-1: Ball
3-1: Swinging Strike
3-2: Foul Ball, location: 2F
3-2: Foul Ball, location: 2F
3-2: Base on Balls
Batting: RHB Jim Unknown 0-0: Foul Ball, location: 2F
0-1: Ball
1-1: Foul Ball, location: 2F
1-2: SINGLE (Groundball, 56D, EV 101.9 MPH)
Jim Unknown to second
Batting: RHB Jim Unknown 0-0: Called Strike
0-1: Foul Ball, location: 2F
0-2: Foul Ball, location: 2F
0-2: Fielders Choice at 2nd, 4-6 (Groundball, 4, EV 82.5 MPH)
Jim Unknown to third
Batting: RHB Jim Unknown 0-0: Ball
1-0: Ball
2-0: Ball
3-0: Called Strike
3-1: Called Strike
3-2: Base on Balls
Jim Unknown to second
Batting: RHB Jim Unknown 0-0: Called Strike
0-1: Swinging Strike
0-2: Strikes out looking
Bottom of the 4th over - 0 runs, 1 hit, 0 errors, 3 left on base; Oregon State University 0 - Arizona State University 0
TOP OF THE 5TH
Oregon State University Beavers batting - Pitching for Arizona State University Sun Devils : LHP Jim Unknown
Pitching: RHP Jim Unknown
Batting: RHB Jim Unknown 0-0: Swinging Strike
0-1: Swinging Strike
0-2: Ball
1-2: Ball
2-2: Foul Ball, location: 2F
2-2: SINGLE (Groundball, 56D, EV 95.6 MPH)
Batting: RHB Jim Unknown 0-0: Ball
1-0: Ball
2-0: Ball
3-0: Base on Balls
Jim Unknown to second
Batting: RHB Jim Unknown 0-0: Ball
1-0: Ball
2-0: Called Strike
2-1: Called Strike
2-2: Ball
3-2: Foul Ball, location: 2F
3-2: Grounds into double play, 5-4-3 (Groundball, 56, EV 103.8 MPH)
Jim Unknown to third
Batting: RHB Jim Unknown 0-0: Foul Ball, location: 2F
0-1: Ball
1-1: Ground out 4-3 (Groundball, 4, EV 98.1 MPH)
Top of the 5th over - 0 runs, 1 hit, 0 errors, 1 left on base; Oregon State University 0 - Arizona State University 0
BOTTOM OF THE 5TH
Arizona State University Sun Devils batting - Pitching for Oregon State University Beavers : RHP Jim Unknown
Pitching: RHP Jim Unknown
Batting: SHB Jim Unknown 0-0: Called Strike
0-1: Foul Ball, location: 2F
0-2: Strikes out looking
Batting: RHB Jim Unknown 0-0: Ball
1-0: Ball
2-0: Called Strike
2-1: Foul Ball, location: 2F
2-2: Ball
3-2: SINGLE (Groundball, 34D, EV 98.8 MPH)
Batting: RHB Jim Unknown 0-0: Foul Ball, location: 2F
0-1: Ball
1-1: Fly out, F9 (Flyball, 89S, EV 96.2 MPH)
Batting: SHB Jim Unknown 0-0: Called Strike
0-1: Ball
1-1: Swinging Strike
1-2: Ball
2-2: Strikes out looking
Bottom of the 5th over - 0 runs, 1 hit, 0 errors, 1 left on base; Oregon State University 0 - Arizona State University 0
TOP OF THE 6TH
Oregon State University Beavers batting - Pitching for Arizona State University Sun Devils : RHP Jim Unknown
Batting: RHB Jim Unknown 0-0: Called Strike
0-1: Foul Ball, location: 2F
0-2: Fly out, F3 (Line Drive, 3, EV 73.1 MPH)
Batting: RHB Jim Unknown 0-0: Called Strike
0-1: Swinging Strike
0-2: Strikes out looking
Batting: RHB Jim Unknown 0-0: Ground out 6-3 (Groundball, 6, EV 101.2 MPH)
Top of the 6th over - 0 runs, 0 hits, 0 errors, 0 left on base; Oregon State University 0 - Arizona State University 0
BOTTOM OF THE 6TH
Arizona State University Sun Devils batting - Pitching for Oregon State University Beavers : RHP Jim Unknown
Batting: RHB Jim Unknown 0-0: Ball
1-0: Ball
2-0: Called Strike
2-1: Ball
3-1: Foul Ball, location: 2F
3-2: Base on Balls
Batting: RHB Jim Unknown 0-0: Ball
1-0: Called Strike
1-1: Ball
2-1: Ball
3-1: Base on Balls
Jim Unknown to second
Batting: RHB Jim Unknown 0-0: Swinging Strike
0-1: Foul Ball, location: 2F
0-2: Ball
1-2: Foul Ball, location: 2F
1-2: Foul Ball, location: 2F
1-2: Ball
2-2: Foul Ball, location: 2F
2-2: Ball
3-2: DOUBLE (Line Drive, 8RD, EV 99.4 MPH)
Jim Unknown scores
Jim Unknown to third
Batting: RHB Jim Unknown 0-0: Intentional Walk
Batting: RHB Jim Unknown 0-0: Ball
1-0: Foul Ball, location: 2F
1-1: Called Strike
1-2: Strikes out looking
Batting: SHB Jim Unknown 0-0: Fielders Choice at 2nd, 4-6 (Groundball, 4, EV 89.4 MPH)
Jim Unknown scores
Jim Unknown to third
Batting: RHB Jim Unknown 0-0: Foul Ball, location: 2F
0-1: Ball
1-1: Ground out 5-3 (Groundball, 56S, EV 86.2 MPH)
Bottom of the 6th over - 2 runs, 1 hit, 0 errors, 2 left on base; Oregon State University 0 - Arizona State University 2
TOP OF THE 7TH
Oregon State University Beavers batting - Pitching for Arizona State University Sun Devils : RHP Jim Unknown
Batting: RHB Jim Unknown 0-0: Fly out, F7 (Flyball, 7LM, EV 86.9 MPH)
Batting: RHB Jim Unknown 0-0: Ball
1-0: DOUBLE (Groundball, 5L, EV 104.4 MPH)
Batting: RHB Jim Unknown 0-0: Ball
1-0: SINGLE (Groundball, 56D, EV 94.4 MPH)
Jim Unknown to third
Runner from 3rd tries for Home, SAFE, throw by LF to home
Batting: RHB Jim Unknown 0-0: Called Strike
0-1: Foul Ball, location: 2F
0-2: Ball
1-2: Ball
2-2: Fly out, F4 (Flyball, 4D, EV 80.6 MPH)
Batting: RHB Jim Unknown 0-0: Ground out 1-3 (Groundball, 15S, EV 66.9 MPH)
Top of the 7th over - 1 run, 2 hits, 0 errors, 1 left on base; Oregon State University 1 - Arizona State University 2
BOTTOM OF THE 7TH
Arizona State University Sun Devils batting - Pitching for Oregon State University Beavers : RHP Jim Unknown
Pitching: LHP Jim Unknown
Batting: RHB Jim Unknown 0-0: Ball
1-0: Foul Ball, location: 2F
1-1: Ball
2-1: Called Strike
2-2: Foul Ball, location: 2F
2-2: Ball
3-2: Base on Balls
Batting: SHB Jim Unknown 0-0: Called Strike
0-1: Ball
1-1: Called Strike
1-2: Strikes out swinging
Batting: RHB Jim Unknown 0-0: Called Strike
0-1: Ball
Wild Pitch!
Jim Unknown to second
1-1: Ball
2-1: Fly out, F8 (Flyball, 8RD, EV 102.5 MPH)
Batting: RHB Jim Unknown 0-0: Ball
1-0: Foul Ball, location: 2F
1-1: Ball
2-1: Foul Ball, location: 2F
2-2: Fly out, F9 (Flyball, 9D, EV 108.8 MPH)
Bottom of the 7th over - 0 runs, 0 hits, 0 errors, 1 left on base; Oregon State University 1 - Arizona State University 2
TOP OF THE 8TH
Oregon State University Beavers batting - Pitching for Arizona State University Sun Devils : RHP Jim Unknown
Batting: RHB Jim Unknown 0-0: Called Strike
0-1: Ball
1-1: Swinging Strike
1-2: Strikes out swinging
Batting: RHB Jim Unknown 0-0: Ball
1-0: Called Strike
1-1: Called Strike
1-2: SINGLE (Line Drive, 9S, EV 92.5 MPH)
Batting: RHB Jim Unknown 0-0: Ball
1-0: Foul Ball, location: 2F
1-1: Ball
2-1: Fielders Choice at 2nd, 6-4 (Groundball, 6, EV 80.6 MPH)
Batting: RHB Jim Unknown 0-0: Ball
1-0: Foul Ball, location: 2F
1-1: SINGLE (Flyball, 7S, EV 92.5 MPH)
Jim Unknown to second
Batting: RHB Jim Unknown 0-0: Ball
1-0: Ball
2-0: Foul Ball, location: 2F
2-1: Swinging Strike
2-2: Fly out, F7 (Line Drive, 7, EV 105.0 MPH)
Top of the 8th over - 0 runs, 2 hits, 0 errors, 2 left on base; Oregon State University 1 - Arizona State University 2
BOTTOM OF THE 8TH
Arizona State University Sun Devils batting - Pitching for Oregon State University Beavers : LHP Jim Unknown
Batting: RHB Jim Unknown 0-0: Foul Ball, location: 2F
0-1: TRIPLE (Line Drive, 9LD, EV 111.9 MPH)
Batting: RHB Jim Unknown 0-0: Intentional Walk
Batting: RHB Jim Unknown 0-0: Swinging Strike
0-1: Ball
Wild Pitch!
Jim Unknown scores
Jim Unknown to second
1-1: Ball
2-1: DOUBLE (Groundball, 3L, EV 97.5 MPH)
Jim Unknown scores
Batting: SHB Jim Unknown 0-0: Bunt missed!
0-1: Bunt missed!
0-2: Strikes out swinging
Batting: RHB Jim Unknown 0-0: Ball
1-0: Called Strike
1-1: SINGLE (Groundball, 6MD, EV 98.8 MPH)
Jim Unknown to third
Runner from 3rd tries for Home, throw by CF and OUT! 8-2
Jim Unknown to second
Batting: RHB Jim Unknown 0-0: Ground out 4-3 (Groundball, 4, EV 85.0 MPH)
Bottom of the 8th over - 2 runs, 3 hits, 0 errors, 1 left on base; Oregon State University 1 - Arizona State University 4
TOP OF THE 9TH
Oregon State University Beavers batting - Pitching for Arizona State University Sun Devils : RHP Jim Unknown
Pitching: RHP Jim Unknown
Batting: RHB Jim Unknown 0-0: Ball
1-0: Ball
2-0: Ball
3-0: Base on Balls
Batting: RHB Jim Unknown 0-0: Ball
1-0: Ball
2-0: Called Strike
2-1: SINGLE (Line Drive, 89M, EV 94.4 MPH)
Jim Unknown to second
Batting: RHB Jim Unknown 0-0: Called Strike
0-1: Foul Ball, location: 2F
0-2: Ball
1-2: Foul Ball, location: 2F
1-2: Foul Ball, location: 2F
1-2: Strikes out swinging
Pinch Hitting: LHB Jim Unknown 0-0: Foul Ball, location: 2F
0-1: Fielders Choice at 2nd, 6-4 (Groundball, 6, EV 101.2 MPH)
Jim Unknown to third
Batting: RHB Jim Unknown 0-0: Ball
1-0: Ball
2-0: Ball
3-0: Called Strike
3-1: Fly out, F7 (Line Drive, 7D, EV 106.9 MPH)
Top of the 9th over - 0 runs, 1 hit, 0 errors, 2 left on base; Oregon State University 1 - Arizona State University 4
Tuesday, September 13th , 2022 - OOTP Baseball 23.7 Build 88